 Dungeon Crawl Stone Soup version 0.26-a0-21-gf97e55dc39 (webtiles) character file.

Game seed: 8210228453115543330, levelgen mode: deterministic

1868090 Gumption the Rhythm of Life and Death (level 27, 195/251 HPs)
             Began as a Deep Dwarf Fighter on May 18, 2020.
             Was a Follower of Uskayaw.
             Escaped with the Orb
             ... and 3 runes on May 26, 2020!
             The game lasted 10:53:00 (63150 turns).

Gumption the Rhythm of Life and Death (DDFi)       Turns: 63150, Time: 10:53:01

Health: 195/251    AC: 52    Str: 30    XL:     27
Magic:  12/12      EV: 17    Int: 10    God:    Uskayaw [*.....]
Gold:   5194       SH: 37    Dex: 16    Spells: 26/26 levels left

rFire    + + +     SeeInvis +   a - +7 broad axe (vamp)
rCold    + + +     Gourm    .   E - +5 tower shield
rNeg     + + .     Faith    .   y - +12 gold dragon scales
rPois    +         Spirit   .   P - +2 helmet {SInv}
rElec    .         Reflect  +   Q - +1 cloak "Idafuppo" {rPois Str+3}
rCorr    .         Harm     .   J - +2 pair of gloves {Str+3}
MR       +++++     Clarity  +   W - +1 pair of boots {Stlth+}
Stlth    ..........             h - amulet of reflection
HPRegen  0.00/turn              F - ring "Nenwi" {rC+ MR+ Slay+3 Stlth+}
MPRegen  0.13/turn              V - ring "Qomnuk" {rF+ rC+ rN+}

@: non-regenerating
A: damage resistance, heal wounds, clarity, clumsy 1, fire resistance 1, frail
1, low mp 1, negative energy resistance 1, sense surroundings 3, weak 1, no
regeneration
0: Orb of Zot
}: 3/15 runes: barnacled, silver, gossamer
a: Heal Wounds, Stomp, Renounce Religion


You escaped.
You worshipped Uskayaw.
Uskayaw was exalted by your worship.
You were very full.

You visited 10 branches of the dungeon, and saw 50 of its levels.
You visited the Abyss 1 time.
You also visited: Ice Cave, Wizlab and Desolation.

You collected 8739 gold pieces.
You spent 3545 gold pieces at shops.

Inventory:

Hand Weapons
 a - a +7 vampiric broad axe (weapon)
 U - a +1 vorpal broad axe
Missiles
 v - 12 silver boomerangs
 A - 520 bolts
 H - 19 javelins
 N - 16 silver javelins
 X - 80 boomerangs
 Y - 2 throwing nets (quivered)
Armour
 y - +12 gold dragon scales (worn)
 E - a +5 tower shield (worn)
 J - a +2 pair of gloves of strength (worn)
 P - a +2 helmet of see invisible (worn)
 Q - the +1 cloak "Idafuppo" (worn) {rPois Str+3}
   (You acquired it on level 3 of the Elven Halls)

   It affects your strength (+3).
   It protects you from poison.
 W - a +1 pair of boots of stealth (worn)
Jewellery
 h - an amulet of reflection (around neck)
 m - a +4 ring of evasion
 F - the ring "Nenwi" (left hand) {rC+ MR+ Slay+3 Stlth+}
   (You bought it in a shop on level 1 of the Orcish Mines)

   [ring of protection from magic]

   It affects your accuracy and damage with ranged weapons and melee attacks
   (+3).
   It protects you from cold.
   It affects your resistance to hostile enchantments.
   It makes you more stealthy.
 T - an uncursed ring of protection from fire
 V - the ring "Qomnuk" (right hand) {rF+ rC+ rN+}
   (You bought it in a shop on level 5 of the Vaults)

   [ring of positive energy]

   It protects you from fire.
   It protects you from cold.
   It protects you from negative energy.
Wands
 p - a wand of acid (14)
 u - a wand of paralysis (40)
 M - a wand of iceblast (62)
 R - a wand of digging (10)
 Z - a wand of clouds (18)
Scrolls
 b - a scroll of enchant armour
 d - 7 scrolls of fear
 k - 16 scrolls of teleportation
 l - 25 scrolls of remove curse
 t - 8 scrolls of blinking
 C - 10 scrolls of fog
 D - 6 scrolls of immolation
 G - 21 scrolls of identify
 K - 3 scrolls of silence
 O - 2 scrolls of summoning
Potions
 c - 6 potions of magic
 f - 2 potions of might
 g - a potion of resistance
 i - 6 potions of brilliance
 j - 10 potions of curing
 n - a potion of invisibility
 q - 12 potions of flight
 r - a potion of haste
 w - 3 potions of berserk rage
 x - 6 potions of cancellation
 z - a potion of heal wounds
 B - 3 potions of ambrosia
 L - 4 potions of mutation
Miscellaneous
 o - 5 phantom mirrors
Comestibles
 e - 67 rations


   Skills:
 + Level 22.6 Fighting
 - Level 18.0 Axes
   Level 0.0 Crossbows
 + Level 24.8 Armour
 + Level 16.2 Dodging
 - Level 25.0 Shields
 O Level 27 Invocations


You had 26 spell levels left.
You didn't know any spells.
Your spell library contained the following spells:

 Spells                   Type           Power        Failure   Level  Hunger
 Animate Skeleton         Necr           N/A          94%         1    ##.....
 Apportation              Tloc           #.....       94%         1    ##.....
 Corona                   Hex            #......      94%         1    ##.....
 Freeze                   Ice            #...         94%         1    ##.....
 Infusion                 Chrm           #...         94%         1    ##.....
 Magic Dart               Conj           #...         94%         1    ##.....
 Pain                     Necr           #...         94%         1    ##.....
 Shock                    Conj/Air       #...         94%         1    ##.....
 Sting                    Tmut/Pois      #...         94%         1    ##.....
 Summon Small Mammal      Summ           #...         94%         1    ##.....
 Blink                    Tloc           N/A          98%         2    ###....
 Call Imp                 Summ           #.......     98%         2    ###....
 Corpse Rot               Necr/Air       N/A          98%         2    ###....
 Ensorcelled Hibernation  Hex/Ice        #.....       98%         2    ###....
 Poisonous Vapours        Pois/Air       #.....       98%         2    ###....
 Shroud of Golubria       Chrm/Tloc      #.....       98%         2    ###....
 Slow                     Hex            #.......     98%         2    ###....
 Swiftness                Chrm/Air       #.......     98%         2    ###....
 Call Canine Familiar     Summ           #.......     100%        3    ####...
 Confusing Touch          Hex            #.......     100%        3    ####...
 Conjure Flame            Conj/Fire      #.......     100%        3    ####...
 Dazzling Flash           Conj/Hex       #.....       100%        3    ####...
 Frozen Ramparts          Ice            #.....       100%        3    ####...
 Gell's Gravitas          Tloc           #.........   100%        3    ####...
 Ignite Poison            Fire/Tmut/Pois #.......     100%        3    ####...
 Inner Flame              Hex/Fire       #.......     100%        3    ####...
 Lesser Beckoning         Tloc           #.........   100%        3    ####...
 Mephitic Cloud           Conj/Pois/Air  #.......     100%        3    ####...
 Ozocubu's Armour         Chrm/Ice       #.......     100%        3    ####...
 Portal Projectile        Hex/Tloc       #.....       100%        3    ####...
 Recall                   Summ/Tloc      N/A          100%        3    ####...
 Spider Form              Tmut/Pois      #.........   100%        3    ####...
 Static Discharge         Conj/Air       #.......     100%        3    ####...
 Stone Arrow              Conj/Erth      #.....       100%        3    ####...
 Summon Guardian Golem    Hex/Summ       #.......     100%        3    ####...
 Teleport Other           Tloc           #.......     100%        3    ####...
 Tukima's Dance           Hex            #.......     100%        3    ####...
 Vampiric Draining        Necr           #.........   100%        3    ####...
 Airstrike                Air            #.........   100%        4    #####..
 Animate Dead             Necr           N/A          100%        4    #####..
 Cause Fear               Hex            #.........   100%        4    #####..
 Hailstorm                Conj/Ice       #.......     100%        4    #####..
 Ice Form                 Ice/Tmut       #.......     100%        4    #####..
 Leda's Liquefaction      Hex/Erth       #.........   100%        4    #####..
 Summon Ice Beast         Ice/Summ       #.......     100%        4    #####..
 Summon Lightning Spire   Summ/Air       #.......     100%        4    #####..
 Agony                    Necr           #.......     100%        5    ######.
 Alistair's Intoxication  Tmut/Pois      #.......     100%        5    ######.
 Borgnjor's Vile Clutch   Necr/Erth      #.........   100%        5    ######.
 Fireball                 Conj/Fire      #.........   100%        5    ######.
 Irradiate                Conj/Tmut      #.........   100%        5    ######.
 Iskenderun's Battlesphe  Conj/Chrm      #.......     100%        5    ######.
 Lightning Bolt           Conj/Air       #.........   100%        5    ######.
 Metabolic Englaciation   Hex/Ice        #.........   100%        5    ######.
 Silence                  Hex/Air        #.........   100%        5    ######.
 Summon Forest            Summ/Tloc      #.........   100%        5    ######.
 Yara's Violent Unravell  Hex/Tmut       #.........   100%        5    ######.
 Conjure Ball Lightning   Conj/Air       #.........   100%        6    #######
 Death Channel            Necr           #.........   100%        6    #######
 Dispersal                Tloc           #.........   100%        6    #######
 Eringya's Noxious Bog    Tmut/Pois      #.........   100%        6    #######
 Freezing Cloud           Conj/Ice/Air   #.........   100%        6    #######
 Hydra Form               Tmut           #.........   100%        6    #######
 Ozocubu's Refrigeration  Ice            #.........   100%        6    #######
 Simulacrum               Ice/Necr       #.........   100%        6    #######
 Starburst                Conj/Fire      #.........   100%        6    #######
 Statue Form              Tmut/Erth      #........    100%        6    #######
 Dragon Form              Tmut           #.........   100%        7    #######
 Haunt                    Necr/Summ      #.........   100%        7    #######
 Ring of Flames           Chrm/Fire      #.........   100%        7    #######
 Summon Hydra             Summ           #.........   100%        7    #######
 Borgnjor's Revivificati  Necr           #.........   100%        8    #######
 Death's Door             Chrm/Necr      #.........   100%        8    #######
 Ignition                 Fire           #.........   100%        8    #######
 Infestation              Necr           #.........   100%        8    #######
 Necromutation            Tmut/Necr      #.........   100%        8    #######
 Tornado                  Air            #.........   100%        9    #######
 Passage of Golubria      Tloc           Unusable     N/A         4    N/A

Dungeon Overview and Level Annotations

Branches:
Dungeon (15/15)            Temple (1/1) D:5            Lair (6/6) D:11
 Shoals (4/4) Lair:2       Spider (4/4) Lair:4        Slime (0/5) Lair:5
    Orc (2/2) D:12            Elf (3/3) Orc:2        Vaults (5/5) D:13
  Crypt (0/3) Vaults:3     Depths (5/5) D:15            Zot (5/5) Depths:5
  IceCv (visited)          WizLab (visited)         Desolation (visited)

Altars:
Ashenzari
Cheibriados
Dithmenos
Elyvilon
Fedhas
Gozag
Hepliaklqana
Kikubaaqudgha
Makhleb
Nemelex Xobeh
Okawaru
Qazlal
Ru
Sif Muna
Trog
Uskayaw
Vehumet
Wu Jian
Xom
Yredelemnul
Zin
The Shining One
Beogh
Jiyva

Shops:
D:8 [   D:11 (   Orc:1 =(}![   Orc:2 =([[   Elf:1 ((   Elf:2 [   Elf:3 =
Shoals:4 ?   Vaults:3 ?:=   Vaults:5 =

Portals:
Hell: Depths:1 Depths:2 Depths:3 Depths:4 Depths:5
Abyss: Depths:2 Depths:4
Pandemonium: Depths:1 Depths:3 Depths:5
Ziggurat: Depths:3

Annotations:
D:2 exclusion: downstairs
Lair:1 exclusion: orange crystal statue
Lair:4 exclusion: 2 oklob plants
Shoals:3 exclusion: downstairs
Spider:2 Roxanne
Elf:2 3 runed translucent doors
Zot:2 1 transporter
Zot:4 2 transporters


Innate Abilities, Weirdness & Mutations

You are resistant to damage.
You can heal yourself by infusing magical energy.
You resist negative energy. (rN+)
You passively map a large area around you.
You do not regenerate.
You possess an exceptional clarity of mind.
You are clumsy. (Dex -2)
Your flesh is heat resistant. (rF+)
You are frail. (-10% HP)
Your magical capacity is low. (-10% MP)
You are weak. (Str -2)


Message History

You kill the hell hound!
You slice the hell hound!!
The hell hound is severely wounded.
You block the hell hound's attack.
You slash the hell hound!
You kill the hell hound!
No target in view!
No target in view!
Things that are here:
a hell hound corpse x3
You can no longer pass through a line of other dancers.
There is an open door here.
There is a fountain of clear blue water here.
There is an open door here.
There is a staircase leading out of the dungeon here.
As you read the scroll of summoning, it crumbles to dust.
Wisps of shadow whirl around you...
Unknown command.
You can't go down here!
You have escaped!

########### #####
##...b.....## #....
#..♣..@K.♣..# #....
##.........## #.##. #####
#####'##### ######..#.
##...######...######...###.#.
#.......................##.#.
#..⌠........⌠........⌠..#....
#.......................##.##
##...######...######...###.#
##'## ##>## ##'## #.#


You could see a friendly bat (summoned) and a friendly kobold (summoned).

Vanquished Creatures
  11 orbs of fire
  2 ancient liches (Zot:5)
  A juggernaut (Depths:1)
  5 Killer Klowns (Zot:5)
  Bai Suzhen (Elf:3)
  Saint Roka (Orc:2)
  2 caustic shrikes
  4 curse toes
  Nikola (Shoals:2)
  10 golden dragons
  the Enchantress (Depths:4)
  Arachne (Spider:2)
  4 bone dragons (Abyss:3)
  3 electric golems
  4 liches
  Rupert (Orc:2)
  A Hell Sentinel (Zot:1)
  23 tentacled monstrosities
  4 titans (Vaults:5)
  27 Orb Guardians
  2 deep elf blademasters (Elf:3)
  3 deep elf master archers
  Asterion (Spider:2)
  6 quicksilver dragons
  Frances (Elf:1)
  5 sphinxes
  16 storm dragons
  Polyphemus (Shoals:4)
  11 tengu reavers
  13 death cobs
  2 tentacled starspawn (Abyss:3)
  14 shadow dragons
  Ilsuiw (Shoals:2)
  2 draconian monks
  Kirke (Spider:4)
  8 frost giants
  A draconian knight (Zot:5)
  9 fire giants
  A revenant (Abyss:3)
  An orc warlord (Vaults:4)
  2 imperial myrmidons (Desolation)
  9 deep elf sorcerers
  2 draconian scorchers
  Aizul (Elf:3)
  11 vault wardens
  A cacodemon (Abyss:1)
  Louise (Spider:2)
  6 ghost moths
  2 balrugs
  3 draconian shifters
  4 deep elf elementalists
  3 draconian stormcallers
  2 draconian annihilators
  6 emperor scorpions
  An angel (Abyss:3)
  2 ghouls (Vaults:2)
  4 caustic shrike skeletons (Depths:2)
  16 ironheart preservers
  5 war gargoyles
  5 spriggan defenders
  3 vampire knights
  28 very ugly things
  18 stone giants
  7 green draconians
  9 entropy weavers
  13 deep elf annihilators
  7 deep elf demonologists
  8 white draconians
  6 black draconians
  9 red draconians
  9 yellow draconians
  7 purple draconians
  11 spark wasps
  A spark wasp (shapeshifter) (Vaults:1)
  16 ettins
  11 deep elf death magi
  2 green deaths
  2 merfolk javelineers
  3 blizzard demons
  10 yaktaur captains
  7 merfolk impalers
  4 crystal guardians
  10 great orbs of eyes
  11 fire dragons
  18 ogre magi
  4 deep elf high priests
  11 servants of whispers (Desolation)
  6 ragged hierophants (Desolation)
  14 ice dragons
  A naga warrior (Abyss:3)
  6 rakshasas
  24 vault guards (Vaults:5)
  7 spriggan air magi
  6 hydras
  8 merfolk aquamancers
  2 merfolk avatars
  5 peacekeepers (Desolation)
  2 catoblepae
  A monstrous demonspawn (Depths:5)
  2 alligators (shapeshifter)
  7 death knights
  51 two-headed ogres
  The ghost of Konserwa the Geomancer, a journeyman GrEE of Vehumet (D:9)
  13 dancing weapons
  5 death yaks
  17 centaur warriors
  An alligator snapping turtle (Shoals:1)
  4 tengu warriors
  A satyr (Shoals:4)
  10 deep troll earth magi
  A queen ant (Lair:6)
  7 deep troll shamans
  7 vampire magi
  6 spriggan berserkers
  An orc high priest (Vaults:4)
  11 thrashing horrors
  7 hell knights (Depths:5)
  4 iron golems (WizLab)
  5 skeletal warriors
  5 wretched stars
  2 sun demons (Depths:1)
  A titan skeleton (Depths:1)
  28 deep elf knights
  4 iron trolls
  A sea snake (shapeshifter) (Vaults:2)
  4 sixfirhies
  20 sea snakes
  20 small abominations
  4 shadow wraiths
  An unseen horror (shapeshifter) (Vaults:2)
  3 unseen horrors
  5 glowing orange brains
  14 starcursed masses
  3 flayed ghosts
  20 deep elf archers
  41 deep trolls
  A spatial maelstrom (Abyss:3)
  11 wizards
  A storm dragon skeleton (Vaults:2)
  16 ironbrand convokers
  A shadow demon (D:1)
  14 large abominations
  Pikel (D:5)
  A lindwurm (Lair:6)
  4 phantasmal warriors
  35 harpies
  6 necromancers
  23 orc knights
  22 orb spiders
  An orb spider (shapeshifter) (Depths:5)
  14 fauns
  2 wolf spider zombies
  A shadow dragon skeleton (Abyss:3)
  A mana viper (shapeshifter) (Depths:2)
  4 orc sorcerers
  45 ugly things
  38 wolf spiders
  11 cyclopes
  2 fire giant zombies
  A cyclops (shapeshifter) (Depths:2)
  87 deep elf magi
  3 worldbinders
  9 manticores
  Maurice (D:12)
  An ice statue (IceCv)
  25 moths of wrath
  8 vault sentinels
  A naga mage (D:15)
  12 merfolk sirens
  6 black mambas
  3 guardian serpents
  2 centaur zombies
  A guardian serpent (shapeshifter) (Depths:5)
  2 apocalypse crabs
  A rust devil (Abyss:3)
  4 molten gargoyles
  6 gargoyles
  11 water nymphs
  2 torpor snails
  4 smoke demons (Abyss:3)
  3 rime drakes
  An orange demon (Abyss:3)
  14 spiny frogs
  A purple draconian zombie (Abyss:3)
  3 ice devils
  2 efreet
  A hellion (Abyss:3)
  28 yaktaurs
  6 trolls
  A rime drake (shapeshifter) (Vaults:1)
  2 ancient zymes (Abyss:3)
  12 demonic crawlers
  8 komodo dragons
  A hellwing (Abyss:2)
  10 freezing wraiths
  2 red devils (Abyss:3)
  A yaktaur (shapeshifter) (Depths:2)
  A queen bee (shapeshifter) (Abyss:3)
  A troll (shapeshifter) (Vaults:5)
  A yaktaur skeleton (Depths:1)
  4 tengu conjurers
  36 jumping spiders
  2 jumping spiders (shapeshifter)
  16 polar bears
  26 merfolk
  22 hornets
  51 saltlings (Desolation)
  6 wind drakes
  A slime creature (shapeshifter) (Depths:2)
  7 raiju
  11 blink frogs
  A hippogriff (shapeshifter) (Vaults:5)
  17 hippogriffs
  6 snapping turtles
  16 slime creatures
  A deep troll zombie (Depths:1)
  10 dream sheep
  2 raiju (shapeshifter)
  18 water elementals
  A shadow (D:14)
  An ettin skeleton (Depths:1)
  9 flying skulls (Abyss:3)
  2 redbacks (shapeshifter)
  7 spriggans
  An air elemental (Elf:2)
  36 tarantellas
  89 redbacks
  A spriggan (shapeshifter) (D:14)
  A vampire (D:15)
  8 wyverns
  7 hogs (Spider:4)
  A human (shapeshifter) (Vaults:4)
  6 fire bats (Abyss:3)
  A yak (shapeshifter) (Vaults:1)
  6 wraiths
  3 ynoxinuls
  A golden eye (shapeshifter) (Vaults:3)
  58 yaks
  3 fire elementals (Elf:1)
  2 steam dragons (Lair:6)
  3 golden eyes
  3 basilisks (Lair:6)
  2 hungry ghosts
  8 neqoxecs
  3 vampire mosquitoes (Spider:2)
  6 chaos spawn
  Menkaure (D:6)
  9 water moccasins
  2 swamp worms (D:8)
  8 wargs
  A soldier ant (shapeshifter) (Vaults:2)
  26 soldier ants
  3 acid dragons
  2 nagas (Abyss:3)
  A floating eye (shapeshifter) (D:12)
  12 hell hounds
  6 porcupines
  3 ice beasts
  63 orc warriors
  5 sky beasts
  A black bear (shapeshifter) (Depths:5)
  A snapping turtle zombie (Abyss:3)
  39 ogres
  2 black bears
  2 necrophages
  4 eyes of draining
  5 phantoms
  2 tengu (shapeshifter)
  3 killer bees (D:11)
  36 boggarts
  14 wolves (IceCv)
  18 centaurs
  A snapping turtle skeleton (Abyss:3)
  11 crocodiles
  A big kobold (D:11)
  Blork the orc (D:5)
  18 bullfrogs
  A gnoll sergeant (D:10)
  2 wyvern zombies
  9 earth elementals
  A human skeleton (Vaults:2)
  A water moccasin zombie (D:5)
  3 wyvern skeletons
  4 scorpions
  A scorpion (shapeshifter) (Elf:3)
  3 electric eels
  A howler monkey (D:11)
  22 crimson imps
  5 lava snakes (Lair:6)
  2 quasits
  A bullfrog zombie (D:11)
  7 hounds
  A human simulacrum (Vaults:1)
  41 orc priests
  7 iron imps
  3 jellies
  2 bullfrog skeletons
  Terence (D:3)
  Jessica (D:3)
  4 iguanas
  39 orc wizards
  26 worker ants
  A killer bee zombie (D:5)
  A worker ant zombie (D:6)
  12 gnolls
  A howler monkey skeleton (D:5)
  14 adders
  8 shadow imps
  10 white imps (Abyss:3)
  5 ufetubi
  8 worms
  2 dart slugs
  6 leopard geckos
  150 orcs
  5 spectral bats (Abyss:3)
  4 giant cockroaches
  5 goblins
  5 hobgoblins
  6 jackals (D:2)
  11 quokkas
  2 ball pythons
  14 bats
  5 bat simulacra (Abyss:3)
  4 frilled lizards
  7 kobolds
  A leopard gecko zombie (D:5)
  A quokka skeleton (D:6)
  6 rats
  A crawling corpse (Elf:3)
  A fungus (Lair:6)
  16 plants
  2 starspawn tentacles (Abyss:3)
2825 creatures vanquished.

Vanquished Creatures (others)
  A curse toe (Zot:5)
  A halazid warlock (Desolation)
  A two-headed ogre (Depths:1)
  2 deep elf knights (Elf:2)
  An unseen horror (Abyss:3)
  A wolf spider (Spider:4)
  2 deep elf magi
  A tengu conjurer (Depths:1)
  A warg (Vaults:4)
  4 boggarts
  A small abomination (Abyss:3)
  A killer bee (D:11)
  8 fungi (Lair:6)
  2 lurking horrors
  35 plants
  7 starspawn tentacles (Abyss:3)
69 creatures vanquished.

Grand Total: 2894 creatures vanquished

Notes
Turn   | Place    | Note
-------+----------+-------------------------------------------
     0 | D:1      | Gumption the Deep Dwarf Fighter began the quest for the
                  | Orb.
     0 | D:1      | Reached XP level 1. HP: 20/20 MP: 1/1
   301 | D:1      | Reached XP level 2. HP: 27/27 MP: 2/2
  1277 | D:2      | Found a snail-covered altar of Cheibriados.
  1288 | D:2      | Reached XP level 3. HP: 31/33 MP: 3/3
  1292 | D:2      | Found a blossoming altar of Fedhas.
  1307 | D:2      | Found a hide-covered altar of Uskayaw.
  2061 | D:2      | Reached XP level 4. HP: 41/42 MP: 3/3
  2310 | D:2      | Became a worshipper of Uskayaw the Reveler
  2346 | D:3      | Noticed Jessica
  2379 | D:3      | Noticed Terence
  2387 | D:3      | Reached * piety under Uskayaw
  2388 | D:3      | Killed Terence
  2781 | D:3      | Killed Jessica
  2781 | D:3      | Reached XP level 5. HP: 43/49 MP: 3/3
  2880 | D:3      | Reached ** piety under Uskayaw
  2900 | D:3      | Reached *** piety under Uskayaw
  2907 | D:3      | Reached **** piety under Uskayaw
  2925 | D:3      | Found a shimmering altar of Xom.
  2947 | D:3      | Reached skill level 5 in Shields
  3230 | D:3      | Reached XP level 6. HP: 47/56 MP: 4/4
  3523 | D:4      | Reached skill level 5 in Axes
  3713 | D:4      | Reached XP level 7. HP: 62/63 MP: 4/4
  3717 | D:4      | Found a shimmering altar of Xom.
  3776 | D:4      | Found a hazy altar of Hepliaklqana.
  3948 | D:5      | Entered Level 5 of the Dungeon
  3991 | D:5      | Found a staircase to the Ecumenical Temple.
  4041 | Temple   | Entered the Ecumenical Temple
  4543 | D:5      | Noticed Blork the orc
  4867 | D:5      | Reached skill level 5 in Armour
  4922 | D:5      | Found a blossoming altar of Fedhas.
  5004 | D:6      | Noticed Pikel
  5025 | D:5      | Killed Pikel
  5025 | D:5      | Reached XP level 8. HP: 46/73 MP: 5/5
  5409 | D:6      | Reached skill level 5 in Fighting
  5418 | D:6      | Reached ***** piety under Uskayaw
  5547 | D:6      | Noticed Menkaure
  5556 | D:6      | Killed Menkaure
  5556 | D:6      | Gained mutation: You passively map the area around you.
                  | [Deep Dwarf growth]
  5556 | D:6      | Reached XP level 9. HP: 80/81 MP: 6/6
  6337 | D:7      | Found an iron altar of Okawaru.
  6453 | D:7      | Found a shimmering blue altar of Sif Muna.
  6596 | D:7      | Found an ornate altar of the Wu Jian Council.
  7031 | D:8      | Found Sucen's Armour Emporium.
  7034 | D:8      | Bought a +0 pair of boots for 67 gold pieces
  7289 | D:8      | Reached XP level 10. HP: 62/91 MP: 6/6
  7782 | D:9      | Reached skill level 10 in Shields
  7782 | D:9      | Reached skill level 1 in Invocations
  7822 | D:9      | Found a runed translucent gate.
  7822 | D:9      | Noticed Konserwa's ghost (journeyman GrEE)
  7825 | D:9      | Found a runed translucent gate.
  7825 | D:9      | Found a runed translucent gate.
  7836 | D:9      | Found a glowing silver altar of Zin.
  7865 | D:9      | Reached skill level 2 in Invocations
  7869 | D:9      | Reached ****** piety under Uskayaw
  7873 | D:9      | Reached skill level 10 in Axes
  8027 | D:9      | Found a shattered altar of Ashenzari.
  8627 | D:10     | Entered Level 10 of the Dungeon
  8796 | D:10     | Reached skill level 3 in Invocations
  9309 | D:10     | Reached skill level 4 in Invocations
  9314 | D:10     | Reached XP level 11. HP: 50/99 MP: 1/9
  9752 | D:5      | Killed Blork the orc
 10833 | D:11     | Found Idahel Okoa's Weapon Boutique.
 10845 | D:11     | Reached skill level 5 in Invocations
 10874 | D:11     | Found a staircase to the Lair.
 11121 | D:11     | Noticed an eight-headed hydra
 11130 | D:11     | Killed a nine-headed hydra
 11657 | Lair:1   | Entered Level 1 of the Lair of Beasts
 11875 | Lair:1   | Got a smoking ring mail
 11878 | Lair:1   | Identified the +9 ring mail of Xom's Inspiration {Dex+3}
                  | (You found it on level 1 of the Lair of Beasts)
 12275 | Lair:1   | Found a burning altar of Makhleb.
 12801 | Lair:1   | Noticed an orange crystal statue
 12905 | Lair:2   | Reached skill level 6 in Invocations
 13599 | Lair:2   | Found a staircase to the Shoals.
 13633 | Lair:2   | Reached XP level 12. HP: 81/110 MP: 11/11
 14015 | Lair:3   | Reached skill level 7 in Invocations
 14061 | Lair:3   | Found a frozen archway.
 14092 | Lair:3   | Noticed a four-headed hydra
 14101 | Lair:3   | Killed a four-headed hydra
 14159 | IceCv    | Entered an ice cave
 14235 | IceCv    | Reached skill level 8 in Invocations
 14845 | IceCv    | Noticed a death yak
 14885 | IceCv    | Noticed a death yak
 14895 | IceCv    | Killed a death yak
 14895 | IceCv    | Reached XP level 13. HP: 55/120 MP: 13/13
 14905 | IceCv    | Reached skill level 9 in Invocations
 14961 | IceCv    | Noticed a frost giant
 14991 | IceCv    | Killed a frost giant
 15096 | IceCv    | Got a warped jade amulet
 15346 | Lair:3   | Identified the amulet "Renurph" {rC+ Regen+} (You found it
                  | in an ice cave)
 15522 | Lair:3   | Identified 4 scrolls of acquirement
 15552 | Lair:3   | Got the +2 cloak of the Candlemaker {Stlth+}
 16386 | Lair:4   | Found a hole to the Spider Nest.
 17179 | Lair:5   | Found a viscous altar of Jiyva.
 17179 | Lair:5   | Found a staircase to the Slime Pits.
 17659 | Lair:6   | Entered Level 6 of the Lair of Beasts
 17715 | Lair:6   | Reached skill level 10 in Invocations
 17753 | Lair:6   | Noticed an entropy weaver
 18151 | Lair:6   | Killed an entropy weaver
 18151 | Lair:6   | Reached skill level 15 in Shields
 18903 | Lair:6   | Gained mutation: You resist negative energy. (rN+) [Deep
                  | Dwarf growth]
 18903 | Lair:6   | Reached XP level 14. HP: 130/130 MP: 13/13
 18929 | Lair:6   | Reached skill level 15 in Axes
 19033 | Lair:6   | Noticed an entropy weaver
 19048 | Lair:6   | Killed an entropy weaver
 19298 | Lair:6   | Found a large runed translucent door.
 19302 | Lair:6   | Found a large runed translucent door.
 20760 | D:12     | Reached skill level 11 in Invocations
 20765 | D:12     | Reached skill level 10 in Fighting
 20964 | D:12     | Paralysed by a floating eye for 3 turns
 21025 | D:12     | Noticed Maurice
 21042 | D:12     | Killed Maurice
 21339 | D:12     | Found a staircase to the Orcish Mines.
 21605 | D:12     | Upgraded the game from 0.25-a0-1119-g28b6fd0c3b to
                  | 0.25-a0-1133-g93ebf739aa
 21712 | Orc:1    | Entered Level 1 of the Orcish Mines
 21802 | Orc:1    | Found Puxtikhlau's Gadget Shop.
 21815 | Orc:1    | Found Xyvoezen's Distillery.
 21821 | Orc:1    | Found Adac Umicw's Antique Armour Emporium.
 21922 | Orc:1    | Found Xisizich's Antique Weapon Shop.
 22310 | Orc:1    | Found Arysk's Jewellery Shop.
 22323 | Orc:1    | Bought the ring "Nenwi" {rC+ MR+ Slay+3 Stlth+} for 816
                  | gold pieces
 22471 | Orc:2    | Entered Level 2 of the Orcish Mines
 22515 | Orc:2    | Noticed Rupert
 22543 | Orc:2    | Killed Rupert
 22753 | Orc:2    | Noticed Saint Roka
 22854 | Orc:2    | Found a roughly hewn altar of Beogh.
 22936 | Orc:2    | Found a roughly hewn altar of Beogh.
 22937 | Orc:2    | Found Sing's Jewellery Shoppe.
 23232 | Orc:2    | Killed Saint Roka
 23232 | Orc:2    | Reached XP level 15. HP: 67/140 MP: 14/14
 23449 | Orc:2    | Reached skill level 12 in Invocations
 23524 | Orc:2    | Found a staircase to the Elven Halls.
 23606 | Orc:2    | Found a roughly hewn altar of Beogh.
 23646 | Orc:2    | Found a roughly hewn altar of Beogh.
 23685 | Orc:2    | Found a roughly hewn altar of Beogh.
 23736 | Orc:2    | Found a roughly hewn altar of Beogh.
 23759 | Orc:2    | Found a roughly hewn altar of Beogh.
 23760 | Orc:2    | Found Zoesch's Armour Emporium.
 23925 | Orc:2    | Found Laitz's Antique Weapon Shop.
 23929 | Orc:2    | Found a roughly hewn altar of Beogh.
 23942 | Orc:2    | Found Ihimneq's Antique Armour Boutique.
 24233 | D:13     | Reached skill level 1 in Dodging
 24511 | D:13     | Found a gate to the Vaults.
 25869 | D:15     | Entered Level 15 of the Dungeon
 25936 | Orc:1    | Bought a wand of acid (7) for 330 gold pieces
 25936 | Orc:1    | Bought a wand of iceblast (8) for 180 gold pieces
 25941 | Orc:1    | Bought 2 potions of haste for 300 gold pieces
 25941 | Orc:1    | Bought 2 potions of resistance for 300 gold pieces
 26046 | D:15     | Found an ancient bone altar of Kikubaaqudgha.
 26344 | D:15     | Found a staircase to the Depths.
 26870 | Spider:1 | Entered Level 1 of the Spider Nest
 27124 | Spider:1 | Reached XP level 16. HP: 150/150 MP: 16/16
 27661 | Spider:1 | Reached skill level 5 in Dodging
 28570 | Spider:2 | Identified Roxanne's Volume of Stones
 28570 | Spider:2 | Noticed Roxanne
 28758 | Spider:2 | Noticed Louise
 28797 | Spider:2 | Killed Louise
 28852 | Spider:2 | Reached skill level 10 in Armour
 28883 | Spider:2 | Noticed Arachne
 29175 | Spider:2 | Killed Arachne
 29202 | Spider:2 | Noticed Asterion
 29222 | Spider:2 | Noticed an Executioner
 29224 | Spider:2 | Killed Asterion
 29638 | Spider:3 | Reached XP level 17. HP: 141/159 MP: 17/17
 30002 | Spider:4 | Entered Level 4 of the Spider Nest
 30290 | Spider:4 | Noticed Kirke
 30309 | Spider:4 | Killed Kirke
 30914 | Spider:4 | Upgraded the game from 0.25-a0-1133-g93ebf739aa to
                  | 0.25-a0-1136-gc1285e62ab
 31219 | Spider:4 | Got a gossamer rune of Zot
 31451 | Shoals:1 | Entered Level 1 of the Shoals
 32345 | Shoals:2 | Noticed Nikola
 32382 | Shoals:2 | Killed Nikola
 32382 | Shoals:2 | Gained mutation: You passively map a large area around you.
                  | [Deep Dwarf growth]
 32382 | Shoals:2 | Reached XP level 18. HP: 155/170 MP: 18/18
 32548 | Shoals:2 | Noticed Ilsuiw
 32579 | Shoals:2 | Killed Ilsuiw
 33368 | Shoals:3 | Reached skill level 10 in Dodging
 33834 | Shoals:3 | Upgraded the game from 0.25-a0-1136-gc1285e62ab to
                  | 0.26-a0-6-g448add79b7
 33877 | Shoals:4 | Entered Level 4 of the Shoals
 34489 | Shoals:4 | Found Sufoget's Magic Scroll Emporium.
 34500 | Shoals:4 | Noticed Polyphemus
 34522 | Shoals:4 | Killed Polyphemus
 34556 | Shoals:4 | Bought a scroll of teleportation for 36 gold pieces
 34556 | Shoals:4 | Bought a scroll of blinking for 90 gold pieces
 34771 | Shoals:4 | Got a barnacled rune of Zot
 35379 | Depths:1 | Entered Level 1 of the Depths
 35393 | Depths:1 | Reached XP level 19. HP: 145/181 MP: 18/18
 35410 | Depths:1 | Noticed a lich
 35432 | Depths:1 | Killed a lich
 35752 | Depths:1 | Found a one-way gate leading to the halls of Pandemonium.
 35823 | Depths:1 | Found a gateway to Hell.
 35883 | Depths:1 | Found a glowing golden altar of the Shining One.
 35960 | Depths:1 | Noticed a lich
 36184 | Depths:1 | Noticed a lich
 36484 | Depths:2 | Reached skill level 13 in Invocations
 36503 | Depths:2 | Found a one-way gate to the infinite horrors of the Abyss.
 36949 | Depths:2 | Noticed a juggernaut
 37115 | Depths:1 | Killed a juggernaut
 37321 | Depths:2 | Reached XP level 20. HP: 191/192 MP: 17/17
 37342 | Depths:2 | Reached skill level 14 in Invocations
 37413 | Depths:2 | You fall into a shaft and drop 1 floor!
 37413 | Depths:3 | Noticed a caustic shrike
 37430 | Depths:3 | Killed a caustic shrike
 37845 | Depths:2 | Identified Guch's Collected Works on Lethal Beguiling
 38065 | Depths:2 | Reached skill level 15 in Armour
 38782 | Depths:3 | Reached skill level 15 in Invocations
 38787 | Depths:3 | Reached skill level 15 in Fighting
 38909 | Depths:3 | Found a gateway to a ziggurat.
 39090 | Vaults:1 | Entered Level 1 of the Vaults
 39090 | Vaults:1 | Found a ruined gateway.
 39098 | Desolati | Entered the Desolation of Salt
 39357 | Desolati | Found the +7 captain's cutlass {speed, disarm}
 39374 | Desolati | Identified the Compendium of Weightlessness and Toxins
 39599 | Desolati | Reached XP level 21. HP: 201/201 MP: 19/19
 39774 | Desolati | Identified the Handbook of Black Secrets
 39777 | Desolati | Identified Bemiss's Volume of Dislocated Contamination
 39786 | Desolati | Identified Pujer's Volume of Quantum Protection
 39815 | Desolati | Got a twisted chain mail
 39894 | Vaults:1 | Identified the +3 chain mail "Luehial" {Dex+4} (You found
                  | it in the Desolation of Salt)
 41178 | Vaults:2 | Reached skill level 16 in Invocations
 41253 | Vaults:2 | Found a magical portal.
 41264 | WizLab   | Entered Doroklohe's Tomb
 42139 | Vaults:2 | Reached XP level 22. HP: 211/211 MP: 21/21
 42649 | Vaults:2 | You fall into a shaft and drop 1 floor!
 42694 | Vaults:3 | Reached XP level 23. HP: 219/219 MP: 22/22
 42704 | Vaults:3 | Found a staircase to the Crypt.
 42705 | Vaults:3 | Upgraded the game from 0.26-a0-6-g448add79b7 to
                  | 0.26-a0-18-g135ff06667
 42806 | Vaults:2 | Reached skill level 17 in Invocations
 43263 | Vaults:3 | Found Arepia Naek's Jewellery Emporium.
 43265 | Vaults:3 | Found Itisecvuy's Book Boutique.
 43265 | Vaults:3 | Found Ramuatz's Magic Scroll Shop.
 43275 | Vaults:3 | Bought a scroll of blinking for 97 gold pieces
 43275 | Vaults:3 | Bought a scroll of enchant weapon for 97 gold pieces
 43345 | Vaults:3 | You fall into a shaft and drop 1 floor!
 43911 | Vaults:4 | Found a roughly hewn altar of Beogh.
 44277 | Vaults:3 | Reached skill level 18 in Invocations
 45604 | Elf:1    | Entered Level 1 of the Elven Halls
 45693 | Elf:1    | Reached XP level 24. HP: 234/234 MP: 23/23
 45756 | Elf:1    | Reached skill level 19 in Invocations
 45784 | Elf:1    | Found Meicho Ruyd's Weapon Shoppe.
 45921 | Elf:1    | Found Etezesocs's Antique Weapon Shoppe.
 45924 | Elf:1    | Noticed Frances
 45943 | Elf:1    | Killed Frances
 46421 | Elf:2    | Found Lawneik's Antique Armour Boutique.
 46437 | Elf:2    | Bought a shiny helmet for 277 gold pieces
 46552 | Elf:2    | Found a runed translucent gate.
 46552 | Elf:2    | Found a runed translucent gate.
 46552 | Elf:2    | Found a runed translucent gate.
 46880 | Elf:3    | Entered Level 3 of the Elven Halls
 47220 | Elf:3    | Noticed Aizul
 47221 | Elf:3    | Found Coisup's Jewellery Boutique.
 47239 | Elf:3    | Killed Aizul
 47465 | Elf:3    | Identified the +3 spear of Welfare {vamp, rElec rC- MR+
                  | Dex+8}
 47468 | Elf:3    | Identified the amulet "Lesal" {Faith Str+4}
 47875 | Elf:3    | Got the +1 cloak "Idafuppo" {rPois Str+3}
 47981 | Elf:3    | Reached skill level 20 in Invocations
 48007 | Elf:3    | Identified the +4 long sword of the Vanishing Violins
                  | {elec, rF+ Int+4}
 48007 | Elf:3    | Noticed Bai Suzhen
 48087 | Elf:3    | Killed Bai Suzhen
 48257 | Elf:3    | Got a pair of faintly glowing boots
 48268 | Elf:3    | Identified the +0 pair of boots "Iraum" {rN+ MR- Dex+2}
                  | (You found it on level 3 of the Elven Halls)
 48881 | Depths:2 | Voluntarily entered the Abyss.
 49381 | Abyss:2  | Gained mutation: Your magical capacity is low. (-10% MP) [a
                  | neqoxec]
 49686 | Abyss:3  | Paralysed by accursed screaming for 1 turns
 50029 | Abyss:3  | Reached XP level 25. HP: 223/244 MP: 19/19
 50180 | Abyss:3  | Reached skill level 21 in Invocations
 50186 | Abyss:3  | Found a corrupted altar of Lugonu.
 50392 | Abyss:3  | Found a corrupted altar of Lugonu.
 50543 | Abyss:3  | Gained mutation: You tend to lose your temper in combat. [a
                  | neqoxec]
 50599 | Abyss:3  | Found a corrupted altar of Lugonu.
 50645 | Abyss:3  | Found a snail-covered altar of Cheibriados.
 50645 | Abyss:3  | Found a hide-covered altar of Uskayaw.
 50645 | Abyss:3  | Found a white marble altar of Elyvilon.
 50645 | Abyss:3  | Found a basalt altar of Yredelemnul.
 50645 | Abyss:3  | Found a blossoming altar of Fedhas.
 50645 | Abyss:3  | Found a shattered altar of Ashenzari.
 50645 | Abyss:3  | Found an opulent altar of Gozag.
 50645 | Abyss:3  | Found a shadowy altar of Dithmenos.
 50645 | Abyss:3  | Found a shimmering blue altar of Sif Muna.
 50645 | Abyss:3  | Found an ancient bone altar of Kikubaaqudgha.
 50645 | Abyss:3  | Found a basalt altar of Yredelemnul.
 50646 | Abyss:3  | Found a corrupted altar of Lugonu.
 50647 | Abyss:3  | Found a shimmering altar of Xom.
 50647 | Abyss:3  | Found a burning altar of Makhleb.
 50647 | Abyss:3  | Found an iron altar of Okawaru.
 50649 | Abyss:3  | Found a sparkling altar of Nemelex Xobeh.
 50649 | Abyss:3  | Found a bloodstained altar of Trog.
 50649 | Abyss:3  | Found a glowing silver altar of Zin.
 50649 | Abyss:3  | Found a stormy altar of Qazlal.
 50651 | Abyss:3  | Found a glowing golden altar of the Shining One.
 50651 | Abyss:3  | Found a hazy altar of Hepliaklqana.
 50651 | Abyss:3  | Found a radiant altar of Vehumet.
 50792 | Abyss:3  | Found a radiant altar of Vehumet.
 50947 | Depths:2 | Escaped the Abyss
 51290 | Vaults:4 | Lost mutation: You tend to lose your temper in combat.
                  | [potion of mutation]
 51290 | Vaults:4 | Gained mutation: Your flesh is heat resistant. (rF+)
                  | [potion of mutation]
 51290 | Vaults:4 | Gained mutation: You possess an exceptional clarity of
                  | mind. [potion of mutation]
 51337 | Vaults:4 | Upgraded the game from 0.26-a0-18-g135ff06667 to
                  | 0.26-a0-21-gf97e55dc39
 52457 | Depths:4 | Reached skill level 22 in Invocations
 52463 | Depths:4 | Identified the Almanac of Enhancements and the Compass
 52561 | Depths:4 | Noticed the Enchantress
 52605 | Depths:4 | Killed the Enchantress
 52779 | Depths:5 | Entered Level 5 of the Depths
 53210 | Depths:5 | Reached XP level 26. HP: 259/259 MP: 19/19
 53593 | Depths:5 | Reached skill level 23 in Invocations
 53609 | Depths:5 | Found a gate to the Realm of Zot.
 54295 | Vaults:5 | Entered Level 5 of the Vaults
 54948 | Vaults:5 | Reached skill level 24 in Invocations
 55570 | Vaults:5 | Identified the Grimoire of Unholy Rituals
 55688 | Vaults:5 | Got a silver rune of Zot
 55786 | Vaults:5 | Found Neag Tym's Jewellery Shoppe.
 56074 | Vaults:5 | Bought the ring "Qomnuk" {rF+ rC+ rN+} for 574 gold pieces
 56187 | Vaults:3 | Bought a scroll of enchant armour for 97 gold pieces
 56187 | Vaults:3 | Bought a scroll of enchant armour for 97 gold pieces
 56187 | Vaults:3 | Bought a scroll of enchant armour for 97 gold pieces
 56417 | D:9      | Killed Konserwa's ghost
 56672 | Shoals:4 | Bought a scroll of enchant armour for 90 gold pieces
 57053 | Zot:1    | Entered Level 1 of the Realm of Zot
 57074 | Zot:1    | Reached XP level 27. HP: 271/271 MP: 20/20
 58058 | Zot:2    | Got a masterwork short sword
 58059 | Zot:2    | Identified the +5 short sword "Nuliacay" {vorpal, *Slow
                  | +Rage rPois rF-} (You found it on level 2 of the Realm of
                  | Zot)
 58486 | Zot:2    | Reached skill level 25 in Invocations
 58702 | Zot:2    | Found the +0 mask of the Dragon {MR+ Slay+3 SInv}
 58727 | Zot:2    | Found a transporter.
 60056 | Zot:4    | Noticed an orb of fire
 60081 | Zot:4    | Noticed an orb of fire
 60081 | Zot:4    | Noticed an orb of fire
 60081 | Zot:4    | Noticed an orb of fire
 60081 | Zot:4    | Noticed an orb of fire
 60123 | Zot:4    | Gained mutation: You are clumsy. (Dex -2) [an orb of fire]
 60138 | Zot:3    | Killed an orb of fire
 60161 | Zot:3    | Killed an orb of fire
 60189 | Zot:3    | Killed an orb of fire
 60192 | Zot:4    | Killed an orb of fire
 60244 | Zot:3    | Killed an orb of fire
 60729 | Zot:4    | Found a transporter.
 60729 | Zot:4    | Found a transporter.
 60730 | Zot:4    | Identified the ring of the Endless Expanse {rF++ rN+
                  | Slay+3}
 60959 | Zot:4    | Reached skill level 26 in Invocations
 61167 | Zot:5    | Entered Level 5 of the Realm of Zot
 61650 | Zot:5    | Noticed an ancient lich
 61678 | Zot:5    | Killed an ancient lich
 61789 | Zot:5    | Noticed an orb of fire
 61791 | Zot:5    | Noticed an orb of fire
 61801 | Zot:5    | Killed an orb of fire
 61823 | Zot:5    | Gained mutation: You are frail. (-10% HP) [an orb of fire]
 61827 | Zot:5    | Killed an orb of fire
 61931 | Zot:5    | Noticed an orb of fire
 61931 | Zot:5    | Noticed an ancient lich
 61931 | Zot:5    | Noticed an orb of fire
 61932 | Zot:5    | Killed an orb of fire
 61932 | Zot:5    | Reached skill level 15 in Dodging
 61932 | Zot:5    | Noticed an orb of fire
 61940 | Zot:5    | Killed an ancient lich
 61952 | Zot:5    | Killed an orb of fire
 61982 | Zot:5    | Killed an orb of fire
 61982 | Zot:5    | Reached skill level 27 in Invocations
 62053 | Zot:5    | Noticed an orb of fire
 62062 | Zot:5    | Gained mutation: You are weak. (Str -2) [an orb of fire]
 62068 | Zot:5    | Killed an orb of fire
 62454 | Zot:5    | Got the Orb of Zot
 62474 | Zot:5    | Noticed Hiuhel the pandemonium lord
 63037 | D:2      | Noticed Task the pandemonium lord
 63150 | D:$      | Escaped with the Orb!

Illustrated notes

Levels and vault maps discovered:
D:1:      minmay_arrival_split_and_join, layout_loops_cross, serial_bayou,
          serial_bayou_ford_a, serial_bayou_pond_a, serial_bayou_shore_b,
          serial_bayou_lake_a, serial_bayou_shore_a, minmay_misc_feat_iff,
          minmay_box_of_dots
D:2:      layout_basic, minmay_overflow_temple_star_quad
D:3:      layout_rooms, led_xom_imps, uniq_terence, uniq_jessica
D:4:      layout_cave_pools, lemuel_crystal_altar, marbit_many_paths,
          kennysheep_opposing_triangles
D:5:      layout_rooms, minmay_temple_entry_antechambers, first_ration,
          basic_altar, uniq_blork_the_orc
D:6:      layout_gridville, uniq_menkaure, uniq_pikel
D:7:      layout_cave_pools, lemuel_doored_altar, lemuel_crystal_altar,
          nicolae_overflow_crystal_walls
D:8:      layout_loops_ring, serial_shops, nicolae_shop_behind_doors,
          hangedman_pestilent_swarm, worms_lemuel
D:9:      layout_roguey, old_standard_altar, ashenzari_conservatory_becter,
          ebering_ghost_rock_garden, kennysheep_dice
D:10:     layout_gridville, chequers_serial_rivers_room_b
D:11:     layout_stronghold, lair_entry_dummy, serial_shops,
          nicolae_shop_waterfront, lightli_orcish_oven
D:12:     minmay_octo_star, layout_rooms, uniq_maurice
D:13:     layout_stronghold, skrybe_vaults_entry_preservation
D:14:     layout_loops_cross, minivault_26
D:15:     grunt_enter_depths_magical_seal, layout_rooms, basic_altar,
          corexii_hall_statues_deadend
Temple:   minmay_temple_forest_path
Lair:1:   statuecave_lemuel, layout_cave_pods, basic_altar
Lair:2:   layout_gridlike, elwin_shoals_entry_stream, lemuel_fruit_tree,
          grunt_megastairs_1, serial_bayou_shore_b
Lair:3:   layout_regular_city, portal_ice_cave_demonic_guard, st_stairs_10,
          lemuel_fruit_fields
Lair:4:   layout_small_grid, spider_nest_entry_rubble, serial_bayou_lagoon_b,
          minmay_lair_oklob_chamber
Lair:5:   layout_big_grid, slime_altar_1, serial_bayou_pond_e,
          infiniplex_staircase_pool_2
Lair:6:   cheibrodos_lair_end_hotspot, layout_layer_cave, minivault_29
Shoals:1: layout_shoals
Shoals:2: cheibrodos_shoals_three_sisters, layout_shoals, uniq_ilsuiw,
          uniq_nikola
Shoals:3: layout_shoals
Shoals:4: shoals_end_hangedman, layout_shoals, serial_shops, shop,
          uniq_polyphemus
Spider:1: layout_spider_delve
Spider:2: layout_spider_delve, einodemon_crawler_minivault,
          nicolae_spider_cling_halls, uniq_roxanne, uniq_arachne, uniq_asterion,
          uniq_louise
Spider:3: layout_spider_delve, drop_trap, guppyfry_spider_mini_3
Spider:4: spider_rune_water, guppyfry_hornet_nest, uniq_kirke
Orc:1:    layout_caves, serial_shops, nicolae_shop_statue_plus, shop,
          nicolae_shop_temple_entry_statues_fountains, shop, shop,
          nicolae_orc_rich_vein
Orc:2:    grunt_orc_community_town_hall, layout_diamond_mine,
          grunt_orc_community_big_house_1, grunt_orc_community_big_house_1,
          grunt_orc_community_house_3, grunt_orc_community_house_1,
          grunt_orc_community_house_3, grunt_orc_community_house_2,
          grunt_orc_community_house_1, basic_altar, nicolae_orc_stony_grotto,
          uniq_rupert
Elf:1:    layout_rooms, serial_shops, shop, shop_fountains,
          minmay_elf_crystal_heptagon, uniq_frances
Elf:2:    layout_geoelf_diagonals, serial_shops, nicolae_shop_overgrown_old_shop
Elf:3:    grunt_elf_hall_diamonds, layout_geoelf_octagon, serial_shops, shop,
          guppyfry_library_mini, uniq_bai_suzhen, uniq_aizul
Vaults:1: vaults_dpeg_hooks, vaults_dpeg_diagonal, layout_vaults_quadrants,
          portal_desolation_entry_nicolae_slug, uniq_saint_roka
Vaults:2: ontoclasm_vaults_ring_square, vaults_room_pool, v_misc_13,
          dpeg_vaults_pockets_of_resistance, nicolae_vaults_big_angled_halls,
          grunt_vaults_focal, v_alt_pattern_6, vaults_dpeg_doors,
          nicolae_vaults_specimen_jars, v_pattern_1, vaults_room_door_ring,
          layout_vaults_ring, mu_enter_wizlab_3
Vaults:3: nicolae_vaults_twisting_passages, minmay_crypt_entry_simple_sparse,
          vaults_standard_mumra_x, ontoclasm_vaults_loading_screen,
          hangedman_vaults_nails, hangedman_vaults_capsules,
          ontoclasm_vaults_gateway, hangedman_vaults_nails,
          nicolae_vaults_murderbox, grunt_vaults_diagonal, vaults_mumra_hex,
          layout_vaults_omnicross, serial_shops, shop, shop_fountains,
          shop_statue
Vaults:4: vaults_mumra_minichess_inversion, grunt_vaults_funnel,
          v_alt_pattern_2, vaults_mumra_minichess, special_room_vaults
          [special_room_orc], ontoclasm_vaults_spin, hangedman_vaults_cutoff,
          ontoclasm_vaults_bender, layout_vaults_omnibox
Vaults:5
Depths:1: layout_cave_pools, lightli_too_deep, grunt_pan_entry_spiral, hex_tiny,
          minmay_strange_pillars, minmay_misc_feat_ornament, tso_altar
Depths:2: hangedman_pleasuredromes, abyss_entry, hell_entry
Depths:3: minmay_the_grid_triangle_9x9_recursive_2
          [minmay_the_grid_triangle_9x9_prize_top_heavy,
          minmay_the_grid_triangle_9x9_swiss_cheese,
          minmay_the_grid_triangle_9x9_zippers_vertical,
          minmay_the_grid_triangle_9x9_minimal], layout_cave_shapes,
          enter_ziggurat_a, hell_entry, infiniplex_staircase_pillars_2,
          pan_entry
Depths:4: minmay_shrinking_squares, layout_basic, abyss_entry, hell_entry,
          infiniplex_staircase_zigzag_5, uniq_enchantress
Depths:5: grunt_zot_entry_gee_three, layout_gridville, rand_demon_pan_entry_8,
          pf_coc_iceberg, nicolae_two_hexagons
Zot:1:    layout_concentric_octagons
Zot:2:    layout_misc_corridors, chequers_guarded_unrand_mask_of_the_dragon
Zot:3:    minmay_elemental_castle, layout_gridlike
Zot:4:    gammafunk_the_bubble [the_bubble_gammafunk_crates],
          layout_misc_corridors, lemuel_lake_of_fire
Zot:5:    layout_cathedral_of_symmetry, bh_zot_lava_cross

Skill      XL: |  1  2  3  4  5  6  7  8  9 10 11 12 13 14 15 16 17 18 19 20 21 22 23 24 25 26 27 |
---------------+----------------------------------------------------------------------------------+-----
Fighting       | 3 4 5 6 7 8 9 10 11 12 13 14 15 17 18 19 20 22 | 22.6
Shields        | 4 5 7 8 9 11 12 13 15 16 17 18 19 21 22 23 24 25 | 25.0
Axes           | 3 4 5 7 9 10 12 13 14 16 17 18 | 18.0
Armour         | 4 5 6 7 8 9 10 12 13 14 15 16 18 19 20 22 24 | 24.8
Invocations    | 4 6 8 10 11 12 13 15 16 18 20 22 24 27 | 27.0
Dodging        | 4 7 9 10 16 | 16.2

Action                   |  1- 3 |  4- 6 |  7- 9 | 10-12 | 13-15 | 16-18 | 19-21 | 22-24 | 25-27 || total
-------------------------+-------+-------+-------+-------+-------+-------+-------+-------+-------++-------
Melee: War axe           |   149 |   121 |   234 |   817 |   102 |       |       |       |       ||  1423
       Whip              |       |       |   120 |       |    23 |       |       |       |       ||   143
       Broad axe         |       |       |       |       |  1340 |  1538 |  1268 |  1630 |  2131 ||  7907
 Fire: Hunting sling     |       |       |       |    86 |       |       |       |       |       ||    86
Throw: Stone             |    12 |       |       |     2 |       |       |       |       |       ||    14
       Javelin           |       |     6 |     6 |    23 |    13 |     3 |    99 |     5 |    45 ||   200
       Boomerang         |       |       |       |   121 |    37 |    43 |     9 |       |    26 ||   236
       Dart              |       |       |       |       |    27 |       |       |       |       ||    27
       Throwing net      |       |       |       |       |       |       |       |       |     3 ||     3
Invok: Stomp             |       |     1 |     1 |     6 |     8 |       |     1 |     2 |     3 ||    22
       Line Pass         |       |       |     1 |    20 |    14 |     1 |     1 |     1 |     3 ||    41
       Grand Finale      |       |       |       |     3 |       |       |       |       |     6 ||     9
 Abil: Heal Wounds       |     1 |     3 |    10 |    19 |    10 |     6 |     9 |     4 |    49 ||   111
       Evoke Flight      |       |       |     1 |       |       |       |       |       |       ||     1
Evoke: Wand              |       |       |     1 |    12 |    12 |       |       |     1 |    10 ||    36
  Use: Scroll            |     6 |     5 |     8 |     5 |    14 |     4 |     9 |    10 |    34 ||    95
       Potion            |       |     1 |       |     3 |     4 |     6 |     3 |     1 |    39 ||    57
 Stab: Paralysed         |       |     1 |    17 |    52 |   159 |   188 |   188 |   216 |   361 ||  1182
       Confused          |       |       |       |     3 |     5 |       |       |       |     1 ||     9
       Sleeping          |       |       |       |       |    13 |    12 |     4 |       |       ||    29
       Invisible         |       |       |       |       |     1 |       |       |       |     3 ||     4
       Distracted        |       |       |       |       |     1 |     2 |       |     1 |     1 ||     5
       Held in net/web   |       |       |       |       |       |     1 |       |       |       ||     1
       Petrified         |       |       |       |       |       |     4 |       |       |       ||     4
  Eat: Chunk             |     4 |     5 |    13 |    26 |    34 |    17 |    15 |    22 |    16 ||   152
       Ration            |       |       |       |     3 |     4 |     3 |     3 |     2 |    12 ||    27
Armor: Scale mail        |    46 |     2 |       |       |       |       |       |       |       ||    48
       Chain mail        |       |    38 |    85 |       |       |       |       |       |       ||   123
       Plate armour      |       |       |    44 |   123 |       |       |       |       |       ||   167
       Ring mail         |       |       |       |   104 |   303 |   384 |   190 |       |       ||   981
       Gold dragon scale |       |       |       |       |       |       |     4 |   261 |   483 ||   748
Dodge: Dodged            |    39 |    42 |    61 |   126 |   182 |   477 |   294 |   189 |   354 ||  1764
Block: Kite shield       |    58 |       |   164 |   649 |   163 |       |       |       |       ||  1034
       Buckler           |     6 |    47 |    56 |       |       |       |       |       |       ||   109
       Reflection        |     1 |       |     7 |    12 |    58 |    96 |    55 |   164 |    95 ||   488
       Tower shield      |       |       |       |       |  1167 |  2054 |  1238 |  1460 |  2294 ||  8213

Table legend:
 A = Non-vault XP
 B = Vault XP
 C = Vault XP percentage of total XP
 D = Non-vault monster count
 E = Vault monster count
 F = Vault count percentage of total count
                 A         B        C        D         E       F
            +---------+---------+-------+---------+---------+-------
      Total |  976440 |  867777 |  47.1 |    1830 |     975 |  34.8
            +---------+---------+-------+---------+---------+-------
        D:1 |      26 |       2 |   7.1 |      15 |       1 |   6.2
        D:2 |      74 |       0 |   0.0 |      24 |       0 |   0.0
        D:3 |      58 |     273 |  82.5 |      16 |       6 |  27.3
        D:4 |     321 |      39 |  10.8 |       6 |       3 |  33.3
        D:5 |     481 |     772 |  61.6 |      22 |       2 |   8.3
        D:6 |    1387 |     172 |  11.0 |      44 |       1 |   2.2
        D:7 |     797 |       0 |   0.0 |      12 |       0 |   0.0
        D:8 |     900 |     661 |  42.3 |      21 |       6 |  22.2
        D:9 |    2175 |    1040 |  32.3 |      24 |       2 |   7.7
       D:10 |    3032 |       0 |   0.0 |      29 |       0 |   0.0
       D:11 |    4262 |     151 |   3.4 |      38 |       6 |  13.6
       D:12 |    4555 |    8258 |  64.5 |      26 |      14 |  35.0
       D:13 |   11569 |    4709 |  28.9 |      34 |       9 |  20.9
       D:14 |    9771 |       0 |   0.0 |      30 |       0 |   0.0
       D:15 |    7802 |    6316 |  44.7 |      19 |       9 |  32.1
     Lair:1 |    1975 |       0 |   0.0 |       9 |       0 |   0.0
     Lair:2 |    3701 |    1507 |  28.9 |      20 |       4 |  16.7
     Lair:3 |    6602 |    1290 |  16.3 |      25 |       4 |  13.8
     Lair:4 |    3919 |    1012 |  20.5 |      18 |       4 |  18.2
     Lair:5 |    2728 |       0 |   0.0 |       8 |       0 |   0.0
     Lair:6 |    5612 |   16163 |  74.2 |      18 |      71 |  79.8
   Shoals:1 |   19874 |       0 |   0.0 |      44 |       0 |   0.0
   Shoals:2 |   12015 |   17791 |  59.7 |      24 |      17 |  41.5
   Shoals:3 |   19409 |     430 |   2.2 |      38 |       1 |   2.6
   Shoals:4 |   12022 |   20852 |  63.4 |      26 |      33 |  55.9
   Spider:1 |   25523 |       0 |   0.0 |      67 |       0 |   0.0
   Spider:2 |   21306 |    9639 |  31.1 |      55 |      10 |  15.4
   Spider:3 |   18458 |    1542 |   7.7 |      50 |       7 |  12.3
   Spider:4 |   11788 |   29178 |  71.2 |      34 |      50 |  59.5
      Orc:1 |    3242 |       0 |   0.0 |      48 |       0 |   0.0
      Orc:2 |    3766 |   13005 |  77.5 |      60 |      67 |  52.8
      Elf:1 |   27336 |    6925 |  20.2 |      43 |       9 |  17.3
      Elf:2 |   11216 |    1799 |  13.8 |      21 |       2 |   8.7
      Elf:3 |   17949 |   57272 |  76.1 |      29 |      42 |  59.2
   Vaults:1 |   27632 |       0 |   0.0 |      53 |       0 |   0.0
   Vaults:2 |   38005 |   33697 |  47.0 |      66 |      33 |  33.3
   Vaults:3 |   43158 |   30176 |  41.1 |      73 |      34 |  31.8
   Vaults:4 |   31589 |   30584 |  49.2 |      46 |      54 |  54.0
   Vaults:5 |   28848 |  115512 |  80.0 |      51 |      85 |  62.5
   Depths:1 |   33148 |   12158 |  26.8 |      57 |       7 |  10.9
   Depths:2 |    3784 |   90534 |  96.0 |      11 |      88 |  88.9
   Depths:3 |   35310 |   16762 |  32.2 |      47 |       8 |  14.5
   Depths:4 |   47683 |   27731 |  36.8 |      55 |      14 |  20.3
   Depths:5 |   58440 |   23643 |  28.8 |      68 |      18 |  20.9
      Zot:1 |   39737 |       0 |   0.0 |      23 |       0 |   0.0
      Zot:2 |   61185 |       0 |   0.0 |      33 |       0 |   0.0
      Zot:3 |   69777 |   23869 |  25.5 |      35 |       3 |   7.9
      Zot:4 |   53032 |    8954 |  14.4 |      26 |       1 |   3.7
      Zot:5 |   45769 |  173531 |  79.1 |      23 |      42 |  64.6
    Abyss:1 |    9832 |       0 |   0.0 |      19 |       0 |   0.0
    Abyss:2 |    3875 |       0 |   0.0 |      14 |       0 |   0.0
    Abyss:3 |   69985 |    5955 |   7.8 |     133 |      53 |  28.5
      IceCv |       0 |   15107 | 100.0 |       0 |      54 | 100.0
     WizLab |       0 |   13067 | 100.0 |       0 |      18 | 100.0
 Desolation |       0 |   45699 | 100.0 |       0 |      83 | 100.0
            +---------+---------+-------+---------+---------+-------
